 Dungeon Crawl Stone Soup version 0.22.1-1-ga44c0e5 (webtiles) character file.

2177 Lavandula the Cleaver (level 9, -5/71 HPs)
             Began as a Centaur Berserker on Oct 24, 2018.
             Was a Priest of Trog.
             Killed from afar by Erica (36 damage)
             ... with an orb of energy
             ... on level 8 of the Dungeon.
             The game lasted 00:13:13 (2744 turns).

Lavandula the Cleaver (Centaur Berserker)           Turns: 2744, Time: 00:13:14

Health: -5/71      AC:  6    Str: 24    XL:     9   Next: 11%
Magic:  9/9        EV:  9    Int:  6    God:    Trog [***...]
Gold:   267        SH:  0    Dex:  8    Spells: 8/8 levels left

rFire    . . .     SeeInvis +   F - +4 war axe
rCold    + . .     Gourm    .   (no shield)
rNeg     . . .     Faith    .   b - +0 animal skin
rPois    .         Spirit   .   r - +0 helmet
rElec    .         Reflect  .   (no cloak)
rCorr    .         Harm     .   l - +0 pair of gloves
MR       .....                  (no barding)
Stlth    +.........             (no amulet)
HPRegen  0.21/turn              m - ring of protection from cold
MPRegen  0.11/turn              a - ring of see invisible

@: very quick
A: large, hooves 3, deformed body, speed 2, tough skin 3
a: Berserk, Trog's Hand, Renounce Religion


You were on level 8 of the Dungeon.
You worshipped Trog.
Trog was most pleased with you.
You were not hungry.

You visited 1 branch of the dungeon, and saw 8 of its levels.

You collected 267 gold pieces.

Inventory:

Hand Weapons
 d - a +0 spear
 f - a +0 hunting sling
 z - a +3 flail of crushing
 F - a +4 war axe (weapon)
Missiles
 h - 2 throwing nets (quivered)
 i - 92 stones
Armour
 b - a +0 animal skin (worn)
 l - a +0 pair of gloves (worn)
 r - a +0 helmet (worn)
 t - a +2 shield
 A - a +0 buckler
Jewellery
 a - a ring of see invisible (right hand)
 m - a ring of protection from cold (left hand)
Wands
 q - a wand of flame (40)
 y - a wand of digging (8)
 C - a wand of iceblast (7)
Scrolls
 e - 2 scrolls of immolation {unknown}
 j - 2 scrolls of fear {unknown}
 s - 3 scrolls of identify {unknown}
 v - a scroll of enchant weapon {unknown}
 w - a scroll of remove curse {unknown}
 x - 3 scrolls of teleportation {unknown}
 B - a scroll of noise {unknown}
 E - a scroll of amnesia {unknown}
 G - a scroll of brand weapon {unknown}
 H - a scroll of magic mapping {unknown}
Potions
 g - a potion of heal wounds {unknown}
 k - 3 potions of mutation {unknown}
 n - 2 potions of might {unknown}
 o - 2 potions of flight {unknown}
 p - a potion of brilliance {unknown}
 u - a potion of haste {unknown}
 D - 2 potions of lignification {unknown}
Comestibles
 c - 3 rations


   Skills:
 + Level 4.1 Fighting
 - Level 10.4 Axes
 - Level 4.2 Throwing
 - Level 1.3 Armour
 - Level 1.3 Dodging


You had 8 spell levels left.
You didn't know any spells.
Your spell library contained the following spells:

 Spells                   Type           Power        Failure   Level  Hunger
 Magic Dart               Conj           #...         45%         1    ##.....
 Blink                    Tloc           N/A          58%         2    ###....
 Call Imp                 Summ           #.......     58%         2    ###....
 Slow                     Hex            #.......     58%         2    ###....
 Conjure Flame            Conj/Fire      #.......     83%         3    ####...
 Mephitic Cloud           Conj/Pois/Air  #.......     83%         3    ####...
 Ozocubu's Armour         Chrm/Ice       #.......     83%         3    ####...
 Recall                   Summ/Tloc      N/A          83%         3    ####...
 Summon Guardian Golem    Hex/Summ       #.......     83%         3    ####...
 Summon Ice Beast         Ice/Summ       #.......     99%         4    #####..
 Summon Lightning Spire   Summ/Air       #.......     99%         4    #####..


Dungeon Overview and Level Annotations

Branches:
Dungeon (8/15)             Temple (0/1) D:7
   Lair: D:8-11

Altars:
Cheibriados
Dithmenos
Gozag
Kikubaaqudgha
Makhleb
Okawaru
Qazlal
Vehumet
Xom

Annotations:
D:8 Erica


Innate Abilities, Weirdness & Mutations

You have hooves in place of feet.
Armour fits poorly on your strangely shaped body.
You cover ground very quickly.
You have extremely tough skin. (AC +3)


Message History

The phantom is moderately damaged.
The phantom hits you.
You slice the phantom!! You kick the phantom.
You destroy the phantom!
Trog accepts your kill.
Your Fighting skill increases to level 4!
There is a stone staircase leading down here.
You climb downwards. 2 orcs, an orc warrior, an orc wizard and Erica come into view.
Erica is wielding a scimitar of flaming.
The orc warrior shouts!
The orc wizard shouts!
The orc shouts!
Found a fuming amethyst potion.
There is a stone staircase leading up here.
Press: ? - help, v - describe, . - travel
Here: Erica, wielding a scimitar of flaming and wearing a robe The floor.
Erica points at you and mumbles some strange words.
The orb of energy hits you!
Ouch! That really hurt!
You die... ..o# ooo#

#..! ...#
...##
##.@..###
#........
#@.......
#............#
##...#...#####
##.##....# #.
##..... #
...... .......
.......


You could see Erica, an orc warrior, an orc wizard and 2 orcs.

Vanquished Creatures
  Grinder (D:3)
  A hippogriff (D:7)
  Edmund (D:5)
  Duvessa (D:5)
  3 ice beasts (D:5)
  2 ogres (D:6)
  3 phantoms
  A big kobold (D:6)
  2 bullfrogs
  2 scorpions
  Dowan (D:5)
  4 crimson imps
  A hound (D:4)
  A jelly (D:6)
  2 orc priests (D:5)
  An orc wizard (D:5)
  Ijyb (D:5)
  Terence (D:3)
  A worker ant (D:5)
  A hound zombie (D:5)
  Robin (D:3)
  2 adders
  7 gnolls
  A shadow imp (D:3)
  A worm (D:2)
  9 orcs
  5 bats
  4 giant cockroaches
  12 goblins
  5 hobgoblins
  2 jackals (D:3)
  A quokka (D:5)
  5 frilled lizards
  7 kobolds
  A quokka skeleton (D:4)
  2 rats (D:3)
96 creatures vanquished.

Notes
Turn   | Place    | Note
-------+----------+-------------------------------------------
     0 | D:1      | Lavandula the Centaur Berserker began the quest for the
                  | Orb.
     0 | D:1      | Reached XP level 1. HP: 19/19 MP: 1/1
    62 | D:2      | Reached skill level 3 in Axes
    62 | D:2      | Reached XP level 2. HP: 26/26 MP: 2/2
    66 | D:2      | Reached XP level 3. HP: 31/31 MP: 3/3
    69 | D:2      | Reached skill level 4 in Axes
   288 | D:3      | Reached XP level 4. HP: 17/38 MP: 4/4
   323 | D:3      | Noticed Terence
   329 | D:3      | Killed Terence
   390 | D:3      | Noticed Robin
   399 | D:3      | Killed Robin
   399 | D:3      | Reached skill level 5 in Axes
   446 | D:3      | Found an ancient bone altar of Kikubaaqudgha.
   446 | D:3      | Found a radiant altar of Vehumet.
   446 | D:3      | Noticed Grinder
   460 | D:3      | Killed Grinder
   460 | D:3      | Reached skill level 6 in Axes
   460 | D:3      | Reached XP level 5. HP: 20/45 MP: 5/5
   460 | D:3      | Reached XP level 6. HP: 23/51 MP: 6/6
   631 | D:5      | Entered Level 5 of the Dungeon
   782 | D:4      | Reached ** piety under Trog
   882 | D:3      | Found a shadowy altar of Dithmenos.
   883 | D:3      | Found an iron altar of Okawaru.
   885 | D:3      | Found an opulent altar of Gozag.
   885 | D:3      | Found a snail-covered altar of Cheibriados.
  1227 | D:5      | Reached skill level 7 in Axes
  1244 | D:5      | Noticed an ice beast
  1254 | D:5      | Reached XP level 7. HP: 41/57 MP: 7/7
  1345 | D:5      | Reached skill level 8 in Axes
  1387 | D:5      | Found a burning altar of Makhleb.
  1616 | D:5      | Noticed Edmund
  1619 | D:5      | Noticed Duvessa
  1619 | D:5      | Noticed Dowan
  1627 | D:5      | Killed Dowan
  1631 | D:5      | Killed Duvessa
  1631 | D:5      | Reached skill level 9 in Axes
  1631 | D:5      | Reached XP level 8. HP: 63/63 MP: 8/8
  1634 | D:5      | Killed Edmund
  1699 | D:5      | Found a burning altar of Makhleb.
  1700 | D:5      | Found a shimmering altar of Xom.
  1874 | D:5      | Found a stormy altar of Qazlal.
  1876 | D:5      | Noticed Ijyb
  1885 | D:5      | Killed Ijyb
  1939 | D:5      | Reached skill level 10 in Axes
  2132 | D:6      | Reached *** piety under Trog
  2291 | D:6      | Reached skill level 1 in Throwing
  2539 | D:7      | Identified the Tome of Creation and Good Luck
  2594 | D:7      | Noticed a hippogriff
  2604 | D:7      | Killed a hippogriff
  2604 | D:7      | Reached XP level 9. HP: 24/69 MP: 9/9
  2697 | D:7      | Found a staircase to the Ecumenical Temple.
  2743 | D:8      | Noticed Erica
  2744 | D:8      | Killed from afar by Erica

Skill      XL: |  1  2  3  4  5  6  7  8  9 |
---------------+----------------------------+-----
Axes           | 3 4 6 7 9 10 | 10.4
Throwing       | 4 |  4.2
Fighting       | 4 |  4.1
Armour         | |  1.3
Dodging        | |  1.3

Action                   |  1- 3 |  4- 6 |  7- 9 || total
-------------------------+-------+-------+-------++-------
Melee: Hand axe          |    37 |   110 |    75 ||   222
       Kick              |     7 |    18 |    35 ||    60
       War axe           |       |       |    51 ||    51
       Flail             |       |       |    11 ||    11
 Fire: Hunting sling     |       |       |    29 ||    29
Invok: Berserk           |     2 |     5 |     4 ||    11
       Trog's Hand       |       |       |     1 ||     1
  Eat: Chunk             |       |     6 |     6 ||    12
       Ration            |       |       |     1 ||     1
Armor: Animal skin       |     5 |    26 |    53 ||    84
Dodge: Dodged            |    15 |    42 |    51 ||   108
